Match 46960788
Unlisted

Match 46960788
End
Kettenkrad Recon Vehicle
Construct Infanterie Kompanie
Selects Breakthrough Battlegroup
Selects Assault Grenadiers
MG 42 Machine Gun Team
Grenadier Squad
Grenadier Squad
Medical Station
Construct Panzergrenadier Kompanie
GrW 34 Mortar Team
Support Elements
{Eliote Le Pilote}
♠♣ Kvothe ♠♣
0
0

Comments sign in to comment!

No comments posted yet!